 Dungeon Crawl Stone Soup version 0.30-a0-341-g682706514a (webtiles) character file.

Game seed: 14534299342558971825

4288 kae the Martial Artist (level 10, 0/87 HPs)
             Began as a Red Draconian Transmuter on Nov 2, 2022.
             Was a Believer of Ru.
             Slain by a killer bee (7 damage)
             ... on level 9 of the Dungeon.
             The game lasted 00:07:51 (9193 turns).

kae the Martial Artist (Red Draconian Transmuter)   Turns: 9193, Time: 00:07:51

Health: 0/87       AC:  9    Str: 12    XL:     10   Next: 11%
Magic:  16/18      EV: 10    Int: 18    God:    Ru [**....]
Gold:   389        SH:  0    Dex: 12    Spells: 5/20 levels left

rFire   x . .      SeeInvis .      - Unarmed
rCold   + + +      Faith    .    (shield currently unavailable)
rNeg    + . .      Spirit   .    (body armour unavailable)
rPois   +          Reflect  .    (helmet currently unavailable)
rElec   .          Harm     .    (cloak currently unavailable)
rCorr   +          Rampage  .    (gloves currently unavailable)
Will    .....                    (boots currently unavailable)
Stlth   +.........               (no amulet)
HPRegen 0.34/turn                R - ring of resist corrosion
MPRegen 0.16/turn                N - ring of positive energy

@: ice-form
A: freezing attack, amphibious, boosted hp, (breathe fire), AC +7, large,
unfitting armour, (fire resistance 1), (cold-blooded), hated by all
a: End Transformation, Renounce Religion


You were on level 9 of the Dungeon.
You worshipped Ru.
Ru was pleased with you.
You were a creature of crystalline ice.
You visited 2 branches of the dungeon, and saw 10 of its levels.

You collected 389 gold pieces.


Innate Abilities, Weirdness & Mutations

You are a creature of crystalline ice.
You have a powerful freezing melee attack.
You are amphibious.
Your maximum health is increased.
Your armour is entirely melded.
You are incapable of wielding weapons or throwing items.
((You can breathe blasts of fire.))
((Your fiery red scales are hard. (AC +7)))
You cannot fit into any form of body armour.
((Your flesh is heat resistant. (rF+)))
((You are cold-blooded and may be slowed by cold attacks.))
You are hated by all.


   Skills:
 - Level 2.0 Fighting
 - Level 1.7 Dodging
 * Level 9.0 Unarmed Combat
 + Level 5.7 Spellcasting
 + Level 1.0 Hexes
 + Level 6.2 Transmutations
 * Level 6.0 Ice Magic
 - Level 3.7 Poison Magic


You had 5 spell levels left.
You knew the following spells:

 Your Spells              Type           Power      Damage    Failure   Level
a - Beastly Appendage     Tmut           54%        N/A       1%          1
b - Wereblood             Tmut           27%        N/A       1%          2
c - Spider Form           Tmut/Pois      23%        N/A       4%          3
d - Ice Form              Ice/Tmut       27%        N/A       10%         4
e - Yara's Violent Unrav  Hex/Tmut       9%         3d6       58%         5

Your spell library contained the following spells:

 Spells                   Type           Power      Damage    Failure   Level
 Slow                     Hex            32%        N/A       9%          1
 Ignite Poison            Fire/Tmut/Pois 17%        N/A       10%         3
 Kiss of Death            Conj/Necr      20%        2d7       12%         1
 Sublimation of Blood     Necr           5%         N/A       19%         2
 Confusing Touch          Hex            8%         N/A       24%         3
 Inner Flame              Hex/Fire       7%         N/A       30%         3
 Dispel Undead            Necr           5%         3d7       77%         4
 Flame Wave               Conj/Fire      5%         2d5       77%         4
 Sticky Flame             Conj/Fire      5%         2d3       77%         4
 Ignition                 Fire           2%         3d3       100%        8
 Summon Guardian Golem    Hex/Summ       Unusable   N/A       N/A         3
 Summon Hydra             Summ           Unusable   N/A       N/A         7

Inventory:

Hand Weapons
 g - the +9 whip of the Screaming Enemy (melded) {freeze, rElec Int+7}
   (You found it on level 2 of the Dungeon)

   It freezes those it strikes, dealing additional cold damage.
   It can also slow down cold-blooded creatures.
   Int:       It affects your intelligence (+7).
   rElec:     It insulates you from electricity.
Missiles
 c - 76 stones
 n - 3 boomerangs
 o - 12 poisoned darts
Armour
 h - a +2 hat (melded)
   (You found it on level 2 of the Dungeon)
 i - a +2 cloak (melded)
   (You found it on level 2 of the Dungeon)
 q - a +0 pair of boots (melded)
   (You found it on level 2 of the Dungeon)
Magical Staves
 v - a staff of death {!a}
   (You found it on level 9 of the Dungeon)
Jewellery
 j - the ring "Wiontyirph" {rElec rPois Will+ rCorr Slay+2}
   (You found it on level 9 of the Dungeon)

   [ring of poison resistance]

   Slay:      It affects your accuracy & damage with ranged weapons and melee
   (+2).
   rElec:     It insulates you from electricity.
   rPois:     It protects you from poison.
   rCorr:     It protects you from acid and corrosion.
   Will:      It increases your willpower.
 N - a ring of positive energy (right front paw)
   (You found it on level 6 of the Dungeon)
 R - a ring of resist corrosion (left front paw)
   (You found it on level 4 of the Dungeon)
Wands
 r - a wand of polymorph (14)
   (You found it on level 3 of the Dungeon)
 s - a wand of paralysis (11)
   (You found it on level 3 of the Dungeon)
 B - a wand of iceblast (18)
   (You found it on level 5 of the Dungeon)
Scrolls
 b - 2 scrolls of fog
 e - a scroll of summoning
 k - a scroll of immolation {!r!r}
 l - a scroll of noise {!r}
 m - 4 scrolls of enchant weapon
 u - 3 scrolls of teleportation {@r4}
 w - a scroll of magic mapping {!r}
 y - a scroll of enchant armour
Potions
 a - a potion of degeneration {!q}
 d - 3 potions of curing {@q1}
 f - a potion of magic
 p - a potion of resistance
 t - a potion of flight
 x - a potion of lignification {!q}
 z - a potion of mutation {unknown}
 C - 3 potions of brilliance
 D - 2 potions of attraction {!q}
Miscellaneous
 A - a piece from Xom's chessboard (15/15)
   (You found it on level 5 of the Dungeon)

Dungeon Overview and Level Annotations

Branches:
Dungeon (9/15) Zot: 26477  Temple (1/1) D:5 Zot: 5598
   Lair: D:8-11         Orc: D:9-12

Altars:
Ashenzari
Cheibriados
Dithmenos
Elyvilon
Gozag
Kikubaaqudgha
Makhleb
Nemelex Xobeh
Qazlal
Ru
Sif Muna
Trog
Vehumet
Xom
Zin
The Shining One

Shops:
D:1

:
#............#.#....#.
#.$......#####.#....#.
#..).....# ..#......
#........# .######.##
#.....?..# #. #...
#......(.#### ####
#).......=...
#...†y####### ###.#Y#
#...# ##..# #..# ##.#
#.. ###


You could see a killer bee.


Message History

You lost 4 mp, and now have 14/18 mp.
The killer bee attacks as you move away!
The killer bee barely misses you. The killer bee closely misses you.
The killer bee stings you.
* * * LOW HITPOINT WARNING * * *
The killer bee completely misses you. The killer bee stings you.
* * * LOW HITPOINT WARNING * * *
The killer bee barely misses you. 😨 HP[-3]
You take 3 damage, and now have 38/87 hp.
You miss the killer bee.
You redirect the killer bee's attack!
The killer bee stings the killer bee.
The killer bee is poisoned.
The killer bee poisons the killer bee!
The killer bee completely misses you.
You strike the helpless killer bee from behind!
You pummel the killer bee!! You freeze the killer bee!
You kill the killer bee!
The killer bee barely misses you. x2; The killer bee stings you.
* * * LOW HITPOINT WARNING * * *
You are poisoned.
The killer bee poisons you! 😨 HP[-2] MP[+1]
You take 2 damage, and now have 36/87 hp.
You barely miss the killer bee.
You feel sick. The killer bee barely misses you. x2
A killer bee comes into view.
The killer bee stings you but does no damage.
The killer bee closely misses you. 😨 HP[-2]
You take 2 damage, and now have 34/87 hp.
The killer bee buzzes angrily.
You hit the killer bee. You freeze the killer bee.
You feel sick.
You hear an angry buzzing noise.
The killer bee barely misses you. x2; The killer bee stings you.
* * * LOW HITPOINT WARNING * * *
The killer bee stings you but does no damage. 😨 HP[-7]
You take 7 damage, and now have 27/87 hp.
You hit the killer bee. You freeze the killer bee.
You kill the killer bee!
You feel sick.
A killer bee comes into view.
The killer bee stings you!
* * * LOW HITPOINT WARNING * * *
😱 HP[-7]
You take 7 damage, and now have 20/87 hp.
The killer bee buzzes angrily.
You hit the killer bee. You freeze the killer bee.
You feel sick.
The killer bee stings you but does no damage.
The killer bee stings you.
* * * LOW HITPOINT WARNING * * *
😱 HP[-2]
You take 2 damage, and now have 18/87 hp.
You barely miss the killer bee.
You feel sick.
The killer bee stings you but does no damage.
The killer bee stings you.
* * * LOW HITPOINT WARNING * * *
The killer bee closely misses you. x2 😱 HP[-6]
You take 6 damage, and now have 12/87 hp.
You closely miss the killer bee.
You feel sick.
The killer bee stings you but does no damage.
The killer bee closely misses you. 😱 HP[-1]
You take 1 damage, and now have 11/87 hp.
You punch the killer bee! You freeze the killer bee.
You kill the killer bee!
The killer bee closely misses you. x2
The killer bee stings you but does no damage.
Your Hexes skill increases to level 1!
Your Ice Magic skill increases to level 6! 😱 HP[+1]
You punch the killer bee! You freeze the killer bee.
You feel sick. The killer bee barely misses you. The killer bee stings you.
* * * LOW HITPOINT WARNING * * *
The killer bee stings you but does no damage. x2 😱 HP[-3] MP[+1]
You take 3 damage, and now have 9/87 hp.
You hit the killer bee. You freeze the killer bee.
You feel sick.
You are no longer poisoned.
The killer bee stings you!
* * * LOW HITPOINT WARNING * * *
The killer bee stings you but does no damage. 😱 HP[-8]
You take 8 damage, and now have 1/87 hp.
You punch the killer bee! You freeze the killer bee.
You kill the killer bee!
The killer bee stings you but does no damage. x2 😱 HP[+1]
You feel better. The killer bee stings you.
* * * LOW HITPOINT WARNING * * *
The killer bee stings you but does no damage. 😱 HP[+4]
You regained 4 hp, and now have 6/87 hp.
You closely miss the killer bee.
The killer bee stings you but does no damage.
The killer bee misses you.
You barely miss the killer bee. The killer bee stings you!
You die...

Skill      XL: |  1  2  3  4  5  6  7  8  9 10 |
---------------+-------------------------------+-----
Poison Magic   | 1 2 3 |  3.7
Fighting       | 2 |  2.0
Unarmed Combat | 4 5 6 7 8 9 |  9.0
Spellcasting   | 3 4 5 |  5.7
Transmutations | 3 4 5 6 |  6.2
Ice Magic      | 2 4 5 6 |  6.0
Hexes          | 1 |  1.0
Dodging        | |  1.7

Action                   |  1- 3 |  4- 6 |  7- 9 | 10-12 || total
-------------------------+-------+-------+-------+-------++-------
Melee: Unarmed           |    57 |       |       |    23 ||    80
       Kick              |     9 |     8 |    63 |     2 ||    82
       Tailslap          |     9 |     4 |    42 |     3 ||    58
       Headbutt          |     2 |     2 |    25 |     1 ||    30
       Punch             |     1 |     3 |    15 |     1 ||    20
       Whip              |    22 |    85 |   286 |     8 ||   401
 Cast: Beastly Appendage |    17 |    11 |    32 |       ||    60
       Wereblood         |       |       |     6 |       ||     6
       Ice Form          |       |       |       |     2 ||     2
Invok: Sacrifice Love    |       |       |     1 |       ||     1
  Use: Potion            |       |       |     6 |     1 ||     7
       Scroll            |       |       |    18 |       ||    18
 Stab: Sleeping          |       |     1 |     1 |       ||     2
       Invisible         |       |       |     1 |       ||     1
       Distracted        |       |       |       |     1 ||     1
Armor: Skin              |    21 |    45 |   120 |    29 ||   215
Dodge: Dodged            |    54 |    59 |   162 |    25 ||   300

Levels and vault maps discovered:
D:1:      shiori_shiawase, layout_rooms, serial_shops, shop,
          kennysheep_crisscross, serial_bayou_lake_a
D:2:      layout_basic, minmay_misc_feat_tower, minmay_misc_feat_doors
D:3:      layout_loops_corners, worldfamousw_hep_ancestral_shrine
D:4:      layout_gridville, fedhas_altar_3, mainiacjoe_overflow_cross_hatched
D:5:      layout_cave_pods, minmay_temple_entry_glass, serial_bayou_pond_e,
          hellmonk_bongcloud_opening
D:6:      layout_basic, ebering_ghost_reflecting_pool, serial_bayou_pond_c
D:7:      layout_cave_pods, lemuel_tele_altar, xom_teletrap_fun,
          minmay_hedge_maze, uniq_duvessa
D:8:      layout_loops_ring, grunt_dithmenos_shadows
D:9:      layout_basic, led_sif_book, okawaru_humans
Temple:   hc_temple_tempest_star

Notes
Turn   | Place    | Note
-------+----------+-------------------------------------------
     0 | D:1      | kae the Draconian Transmuter began the quest for the Orb.
     0 | D:1      | Reached XP level 1. HP: 16/16 MP: 3/3
     0 | D:1      | magus.rc [v1.11.3]
    37 | D:1      | Found Fox Jioch's Book Shoppe.
    84 | D:1      | You add the spells Ignite Poison, Sticky Flame and Ignition
                  | to your library.
   177 | D:1      | Reached XP level 2. HP: 21/23 MP: 3/5
   188 | D:1      | You add the spells Slow, Summon Guardian Golem, Confusing
                  | Touch and Yara's Violent Unravelling to your library.
   188 | D:1      | Got the Omnibus of Jinxing
   576 | D:2      | Learned a level 2 spell: Wereblood
   659 | D:2      | Reached XP level 3. HP: 29/29 MP: 4/6
   664 | D:2      | Learned a level 3 spell: Spider Form
   819 | D:2      | Identified the +9 whip of the Screaming Enemy {freeze,
                  | rElec Int+7}
  1420 | D:3      | Reached skill level 1 in Poison Magic
  1420 | D:3      | Reached XP level 4. HP: 36/36 MP: 7/7
  1551 | D:3      | Found a hazy altar of Hepliaklqana.
  1688 | D:3      | Reached skill level 2 in Fighting
  1831 | D:3      | You pick up a book of Flames and begin reading...
  1831 | D:3      | You add the spells Inner Flame and Flame Wave to your
                  | library.
  2311 | D:4      | Reached skill level 4 in Unarmed Combat
  2354 | D:4      | You pick up a book of Touch and begin reading...
  2354 | D:4      | You add the spells Kiss of Death and Dispel Undead to your
                  | library.
  2420 | D:4      | Reached XP level 5. HP: 27/41 MP: 9/9
  2487 | D:4      | Reached skill level 2 in Poison Magic
  2702 | D:4      | Noticed an ice beast
  2710 | D:4      | Killed an ice beast
  2711 | D:4      | Reached skill level 3 in Spellcasting
  2711 | D:4      | Reached skill level 3 in Transmutations
  2742 | D:4      | Found a blossoming altar of Fedhas.
  2793 | D:4      | Reached XP level 6. HP: 48/48 MP: 8/10
  2934 | D:4      | Reached skill level 3 in Poison Magic
  2948 | D:4      | Found a stormy altar of Qazlal.
  3109 | D:5      | Entered Level 5 of the Dungeon
  3115 | D:5      | Learned a level 4 spell: Ice Form
  3574 | D:5      | Reached skill level 5 in Unarmed Combat
  3607 | D:5      | Your scales start taking on a fiery red colour.
  3607 | D:5      | Reached XP level 7. HP: 54/55 MP: 12/12
  3607 | D:5      | Gained mutation: Your flesh is heat resistant. (rF+) [Red
                  | Draconian growth]
  3655 | D:5      | Found a staircase to the Ecumenical Temple.
  3664 | Temple   | Entered the Ecumenical Temple
  3990 | Temple   | Became a worshipper of Ru the Awakened
  4428 | D:6      | Reached skill level 1 in Ice Magic
  4540 | D:6      | Reached skill level 4 in Transmutations
  4710 | D:6      | Reached skill level 2 in Ice Magic
  4831 | D:6      | Reached skill level 6 in Unarmed Combat
  4831 | D:6      | Reached skill level 4 in Spellcasting
  4831 | D:6      | Reached XP level 8. HP: 55/61 MP: 12/14
  4956 | D:6      | Found a runed translucent door.
  5358 | D:6      | Reached skill level 3 in Ice Magic
  5507 | D:6      | Noticed DEFE's ghost (novice DERe)
  5520 | D:6      | Killed DEFE's ghost
  5579 | D:6      | Reached skill level 7 in Unarmed Combat
  5667 | D:7      | Reached skill level 5 in Transmutations
  5698 | D:7      | Reached skill level 4 in Ice Magic
  5816 | D:6      | HP: 15/78 [wight/+0 battleaxe (7)]
  5817 | D:6      | HP: 7/76 [wight/+0 battleaxe (7)]
  5818 | D:6      | HP: 3/75 [wight/+2 short sword (1)]
  5921 | D:6      | Gained mutation: You are hated by all. [Ru sacrifice]
  5921 | D:6      | Reached * piety under Ru
  5921 | D:6      | Reached ** piety under Ru
  5954 | D:7      | Reached XP level 9. HP: 57/58 MP: 16/16
  5963 | D:6      | HP: 2/57 [wight/+4 halberd (13)]
  6454 | D:7      | Noticed Duvessa
  6454 | D:7      | Noticed Dowan
  6488 | D:7      | Killed Duvessa
  6491 | D:7      | Killed Dowan
  6492 | D:7      | Reached skill level 5 in Spellcasting
  6680 | D:7      | Found a shimmering altar of Xom.
  7093 | D:7      | Found a radiant altar of Vehumet.
  7661 | D:8      | Reached skill level 8 in Unarmed Combat
  7754 | D:8      | Reached skill level 5 in Ice Magic
  8224 | D:8      | You pick up a book of Blood and begin reading...
  8274 | D:8      | Reached skill level 6 in Transmutations
  8581 | D:8      | Found a shadowy altar of Dithmenos.
  8677 | D:9      | Learned a level 5 spell: Yara's Violent Unravelling
  8681 | D:9      | Identified the ring "Wiontyirph" {rElec rPois Will+ rCorr
                  | Slay+2}
  8905 | D:9      | Reached XP level 10. HP: 73/73 MP: 16/18
  9079 | D:9      | Found a shimmering blue altar of Sif Muna.
  9100 | D:9      | Got Sif Muna's Monograph on Variation
  9167 | D:9      | Reached skill level 9 in Unarmed Combat
  9183 | D:9      | HP: 20/87 [killer bee (7)]
  9188 | D:9      | Reached skill level 1 in Hexes
  9188 | D:9      | Reached skill level 6 in Ice Magic
  9188 | D:9      | HP: 11/87 [poisoned by a killer bee]
  9189 | D:9      | HP: 1/87 [killer bee (7)]
  9193 | D:9      | Slain by a killer bee

Vanquished Creatures
  The ghost of DEFE the Magician, a novice DERe of Vehumet (D:6)
  2 wyverns
  3 yaks (D:8)
  2 steam dragons
  Duvessa (D:7)
  2 orc warriors
  A sky beast (D:6)
  3 black bears
  3 ice beasts
  An ogre (D:6)
  2 centaurs
  A phantom (D:8)
  A kobold brigand (D:8)
  3 bullfrogs
  2 scorpions
  4 wights
  Dowan (D:7)
  4 killer bees (D:9)
  A howler monkey (D:6)
  3 jellies
  A gnoll bouda (D:6)
  3 orc priests (D:7)
  3 hounds
  4 iguanas
  6 orc wizards
  4 adders
  4 gnolls (D:6)
  A shadow imp (D:7)
  3 ufetubi
  2 worms
  3 dart slugs
  27 orcs
  6 ball pythons
  9 endoplasms
  2 giant cockroaches (D:2)
  2 goblins
  10 hobgoblins
  6 jackals (D:1)
  8 kobolds
  4 quokkas
  6 bats
  4 frilled lizards
  A rat (D:2)
  A bush (D:7)
161 creatures vanquished.

Vanquished Creatures (others)
  A yak (D:8)
  A wight (D:6)
  4 fungi (D:4)
  9 plants
15 creatures vanquished.

Grand Total: 176 creatures vanquished

Table legend:
 A = Non-vault XP
 B = Vault XP
 C = Vault XP percentage of total XP
 D = Non-vault monster count
 E = Vault monster count
 F = Vault count percentage of total count
                 A         B        C        D         E       F
            +---------+---------+-------+---------+---------+-------
      Total |    5319 |     808 |  13.2 |     156 |       6 |   3.7
            +---------+---------+-------+---------+---------+-------
        D:1 |      32 |       0 |   0.0 |      17 |       0 |   0.0
        D:2 |      53 |       0 |   0.0 |      20 |       0 |   0.0
        D:3 |      39 |       0 |   0.0 |      10 |       0 |   0.0
        D:4 |     349 |       0 |   0.0 |      24 |       0 |   0.0
        D:5 |     423 |       0 |   0.0 |       6 |       0 |   0.0
        D:6 |    1303 |     448 |  25.6 |      22 |       1 |   4.3
        D:7 |     880 |     216 |  19.7 |      20 |       2 |   9.1
        D:8 |    1372 |      74 |   5.1 |      27 |       1 |   3.6
        D:9 |     868 |      70 |   7.5 |      10 |       2 |  16.7
            +---------+---------+-------+---------+---------+-------

Illustrated notes

Table legend:
 A = Kills in this place as a percentage of kills in entire the game.
 B = Kills by you in this place as a percentage of kills by you in the entire game.
 C = Kills by friends in this place as a percentage of kills by friends in the entire game.
 D = Other kills in this place as a percentage of other kills in the entire game.
 E = Experience gained in this place as a percentage of experience gained in the entire game.
 F = Experience gained in this place divided by the number of levels of this place that you have seen.
                   A       B       C       D       E      F
               +-------+-------+-------+-------+-------+----------------------
         Total | 100.0 | 100.0 |   N/A | 100.0 | 100.0 | 612.7
       Dungeon | 100.0 | 100.0 |   N/A | 100.0 | 100.0 | 680.8
               +-------+-------+-------+-------+-------+----------------------

Table legend: (Time is in decaauts)
 A = Elapsed time spent in this place.
 B = Non-inter-level travel time spent in this place.
 C = Inter-level travel time spent in this place.
 D = Time resting spent in this place.
 E = Time spent auto-exploring this place.
 F = Levels seen in this place.
 G = Mean time per level.
                   A        B        C        D        E       F      G
               +--------+--------+--------+--------+--------+-----+--------+
         Total |   9322 |   8916 |    406 |    729 |   6849 |  10 |  932.2 |
       Dungeon |   8921 |   8600 |    321 |    729 |   6548 |   9 |  991.2 |
        Temple |    401 |    316 |     85 |      0 |    300 |   1 |  401.0 |
               +--------+--------+--------+--------+--------+-----+--------+

Top non-repeatable levels by time:
     D:6: 1697 daAuts
     D:7: 1376 daAuts
     D:8: 1105 daAuts
     D:5: 1072 daAuts
     D:3: 951 daAuts
     D:4: 819 daAuts
     D:2: 775 daAuts
     D:1: 600 daAuts
     D:9: 521 daAuts
  Temple: 401 daAuts
